 Dungeon Crawl Stone Soup version 0.31-a0-986-g5e6e4ef867 (webtiles) character file.

Game seed: 5871747358133289752

137 avis the Ducker (level 5, 24/24 HPs)
             Began as a Felid Shapeshifter on Nov 10, 2023.
             Got out of the dungeon alive.
             The game lasted 00:10:19 (1792 turns).

avis the Ducker (Felid Shapeshifter)                Turns: 1792, Time: 00:10:20

Health: 24/24      AC:  1    Str: 10    XL:     5   Next: 0%
Magic:  6/6        EV: 19    Int: 12    God:
Gold:   151        SH:  0    Dex: 17    Spells: 4/4 levels left
                                        Lives:  1   Deaths: 1

rFire   . .          .
                       - Unarmed
rCold   . . .        (shield unavailable)
rNeg    . . .        (body armour unavailable)
rPois   .            (helmet unavailable)
rElec   .            (cloak unavailable)
rCorr   .            (gloves unavailable)
SInv    +            (boots unavailable)
Will    .....        (no amulet)
Stlth   ++           (no ring)
HPRegen 0.24/turn    (no ring)
MPRegen 0.10/turn

%: no passive effects
@: beast-form, quick
A: beast (slay +2), very small, claws 1, fangs 3, see invisible, speed 1, shaggy
fur 1, stealthy paws, no weapons or thrown items, no armour, multi-lived
a: Begin Untransformation


You escaped.
You were a hulking beast.
You visited 1 branch of the dungeon, and saw 3 of its levels.

You collected 151 gold pieces.

Inventory:

Talismans
 b - a beast talisman
 f - a flux talisman
 s - a serpent talisman
Wands
 i - a wand of roots (8)
Scrolls
 d - 3 scrolls of identify {unknown}
 g - a scroll of vulnerability {unknown}
 h - a scroll of immolation {unknown}
Potions
 a - a potion of lignification
 c - a potion of heal wounds {unknown}
 e - a potion of enlightenment {unknown}


   Skills:
 - Level 3.0 Fighting
 * Level 5.3 Dodging
 - Level 1.0 Stealth
 - Level 3.0 Unarmed Combat
 - Level 3.5 Shapeshifting


You had 4 spell levels left.
You didn't know any spells.
Your spell library contained the following spells:

 Spells                   Type           Power      Damage    Failure   Level
 Summon Small Mammal      Summ           0%         N/A       32%         1
 Call Canine Familiar     Summ           0%         N/A       69%         3
 Summon Guardian Golem    Hex/Summ       0%         N/A       69%         3


Dungeon Overview and Level Annotations

Branches:
Dungeon (3/15)

Altars:


Innate Abilities, Weirdness & Mutations

You are a hulking beast.
Your limbs bulge with bestial killing power. (Slay +2)
You have sharp claws.
You have razor-sharp teeth.
You have supernaturally acute eyesight. (SInv)
You cover ground quickly. (Speed+)
You are covered in fur. (AC +1)
Your paws help you pounce on unaware monsters.
You are incapable of wielding weapons or throwing items.
You cannot wear armour.
You gain extra lives every three experience levels.


Message History

The gnoll hits you with a +0 spear.
You scratch the gnoll.
The gnoll is severely wounded.
The gnoll completely misses you.
You barely miss the gnoll. Your bite misses the gnoll.
The gnoll is severely wounded.
You scratch the gnoll.
The gnoll is almost dead.
The gnoll hits you with a +0 spear.
You completely miss the gnoll. Your bite misses the gnoll.
The gnoll is almost dead.
The gnoll closely misses you.
You scratch the gnoll but do no damage.
The gnoll is almost dead.
The gnoll misses you.
You scratch the gnoll.
You kill the gnoll!
You now have 151 gold pieces (gained 17).
Things that are here:
a +0 spear; a gnoll corpse
Found 12 gold pieces.
A hobgoblin comes into view.
You claw the hobgoblin!
You kill the hobgoblin!
You have reached level 5!
You feel clever.
Found 14 gold pieces.
Found an escape hatch in the ceiling.
You open the door.
There is an open door here.
There is a stone staircase leading up here.
You climb upwards.
There is a stone staircase leading down here.
What level of the Dungeon? (default 1, ? - help)
There is an escape hatch in the ceiling here.
There is a stone staircase leading up here.
You climb upwards.
There is a stone staircase leading down here.
HP restored.
There is a staircase leading out of the dungeon here.
You have escaped!

######...#.#.#.#.#.#.#.#....##.##
# ####...............###.##.# #
#......#..........##.##.# #
##.......#.......###.##.## #
#.....#....#......##.#...# #
##...........#...###....>.
########....#.#.#.#...#..##.....#
##.....##...............##...#.##
#.#####...#..#.h.#..#...##.##.##
#.# ##...............##......#
#.# #..#...#.#.#.#....#.#.....
#.# ##...#...........##.......
##.# #......#....#.....##.##.#.
...### ##.......#.......###......
.....# #..........#......##..#.#.
.....####.............^.###..#.#.
.....#...#.#.#.#.#.#.#.#.....#.#.


There were no monsters in sight!

Vanquished Creatures
  4 gnolls (D:3)
  3 adders
  A dart slug (D:2)
  3 worms
  5 ball pythons
  4 endoplasms
  3 giant cockroaches
  4 goblins
  4 hobgoblins
  4 jackals (D:3)
  6 kobolds
  3 quokkas
  6 bats
  A frilled lizard (D:1)
  6 rats
57 creatures vanquished.

Notes
Turn   | Place    | Note
-------+----------+-------------------------------------------
     0 | D:1      | avis the Felid Shapeshifter began the quest for the Orb.
     0 | D:1      | Reached XP level 1. HP: 9/9 MP: 2/2
   182 | D:1      | Reached skill level 3 in Dodging
   246 | D:1      | Reached XP level 2. HP: 11/12 MP: 3/3
   871 | D:2      | Reached skill level 4 in Dodging
   871 | D:2      | Reached XP level 3. HP: 16/16 MP: 4/4
  1446 | D:3      | Reached XP level 4. HP: 21/21 MP: 5/5
  1670 | D:3      | Reached skill level 5 in Dodging
  1672 | D:3      | Slain by a gnoll
  1689 | D:3      | Reached skill level 1 in Stealth
  1718 | D:3      | Reached XP level 5. HP: 14/24 MP: 6/6
  1792 | D:$      | Got out of the dungeon alive.

Illustrated notes

Levels and vault maps discovered:
D:1:      co_arrival_square_in_a_square_in_a_square, layout_loops_ring
D:2:      layout_rooms
D:3:      minmay_angry_zag, layout_rooms, grunt_ministairs_4

Skill      XL: |  1  2  3  4 |
---------------+-------------+-----
Dodging        | 3 4 5 |  5.3
Fighting       | 2 3 |  3.0
Stealth        | 1 |  1.0
Unarmed Combat | |  3.0
Shapeshifting  | |  3.5

Action                     |  1- 3 |  4- 6 || total
---------------------------+-------+-------++-------
  Melee: Unarmed           |    93 |    60 ||   153
         Bite              |     5 |     3 ||     8
         Punch             |     1 |       ||     1
   Stab: Sleeping          |     1 |     1 ||     2
 Armour: Skin              |    30 |    17 ||    47
  Dodge: Dodged            |    53 |    40 ||    93

Table legend: (Time is in decaauts)
 A = Elapsed time spent in this place.
 B = Non-inter-level travel time spent in this place.
 C = Inter-level travel time spent in this place.
 D = Time resting spent in this place.
 E = Time spent auto-exploring this place.
 F = Levels seen in this place.
 G = Mean time per level.
                   A        B        C        D        E       F      G
               +--------+--------+--------+--------+--------+-----+--------+
         Total |   1514 |   1307 |    207 |    204 |    663 |   3 |  504.7 |
       Dungeon |   1514 |   1307 |    207 |    204 |    663 |   3 |  504.7 |
               +--------+--------+--------+--------+--------+-----+--------+

Top non-repeatable levels by time:
     D:1: 730 daAuts
     D:2: 521 daAuts
     D:3: 262 daAuts
